 Dungeon Crawl Stone Soup version 0.30-a0-377-g5cb311bc9f (webtiles) character file.

Game seed: 10042808651498139542

550 lokiplouj the Chopper (level 7, -2/62 HPs)
             Began as a Minotaur Berserker on Nov 29, 2022.
             Was a Priest of Trog.
             Slain by a phantom (4 damage)
             ... on level 5 of the Dungeon.
             The game lasted 00:02:58 (3155 turns).

lokiplouj the Chopper (Minotaur Berserker)          Turns: 3155, Time: 00:02:59

Health: -2/62      AC: -1    Str: 23    XL:     7   Next: 7%
Magic:  6/6        EV: 14    Int: 10    God:    Trog [***...]
Gold:   128        SH:  0    Dex: 15    Spells: 6/6 levels left

rFire   . . .      SeeInvis .    l - +5 spear of Boalamp {vorpal, *Slow Int+6 Dex+5}
rCold   . . .      Faith    .    (no shield)
rNeg    . . .      Spirit   .    b - +0 animal skin
rPois   .          Reflect  .    (helmet restricted)
rElec   .          Harm     .    (no cloak)
rCorr   .          Rampage  .    (no gloves)
Will    .....                    (no boots)
Stlth   +.........               (no amulet)
HPRegen 0.30/turn                (no ring)
MPRegen 0.10/turn                (no ring)

@: marked, corroded
A: horns 2, retaliatory headbutt
a: Renounce Religion, Berserk, Trog's Hand


You were on level 5 of the Dungeon.
You worshipped Trog.
Trog was most pleased with you.
You visited 1 branch of the dungeon, and saw 5 of its levels.

You collected 128 gold pieces.

Inventory:

Hand Weapons
 a - a +0 hand axe
 l - the +5 spear of Boalamp (weapon) {vorpal, *Slow Int+6 Dex+5}
   (You found it on level 3 of the Dungeon)

   It inflicts extra damage upon your enemies.
   Int:       It affects your intelligence (+6).
   Dex:       It affects your dexterity (+5).
   *Slow:     It may slow you when you take damage.
Armour
 b - a +0 animal skin (worn)
Jewellery
 g - a ring of see invisible
 o - a ring of ice
 p - an amulet of the acrobat
 q - a +4 ring of protection
 u - an amulet of regeneration
Wands
 s - a wand of charming (7)
Scrolls
 c - 5 scrolls of identify {unknown}
 e - 2 scrolls of summoning {unknown}
 f - a scroll of fear {unknown}
 h - 5 scrolls of amnesia {unknown}
 i - a scroll of torment {unknown}
 j - a scroll of teleportation {unknown}
 m - 2 scrolls of noise {unknown}
 r - a scroll of poison {unknown}
 t - a scroll of blinking {unknown}
Potions
 d - 2 potions of curing {unknown}
 k - a potion of brilliance {unknown}
 n - 3 potions of resistance {unknown}


   Skills:
 + Level 5.7 Fighting
 + Level 5.7 Axes
 + Level 5.0 Armour
 + Level 4.6 Dodging


You had 6 spell levels left.
You didn't know any spells.
Your spell library was empty.

Dungeon Overview and Level Annotations

Branches:
Dungeon (5/15)
 Temple: D:4-7

Altars:
Elyvilon
Gozag
Kikubaaqudgha
Qazlal
Ru
Sif Muna
Zin
The Shining One

Shops:
D:2 [   D:3 =


Innate Abilities, Weirdness & Mutations

You have a pair of horns on your head.
You reflexively headbutt those who attack you in melee.


Message History

You kill the water moccasin!
Trog accepts your kill.
Your Armour skill increases to level 5!
You have reached level 7!
t - a scroll labelled WAFOFR LAUM Unknown command.
No target in view!
Key pressed, stopping explore.
No target in view!
No target in view!
Found a book of Armaments.
A sourceless malevolence fills the Dungeon...
With a horrendous wail, an alarm goes off!
A sentinel's mark forms upon you.
You hear an angry hiss.
You hear a howl!
Found 5 stones.
u - an amulet of regeneration No target in view!
A phantom comes into view.
An adder comes into view.
An iguana and an acid dragon come into view.
A howler monkey comes into view.
A scorpion comes into view.
The acid dragon spits acid at you. The splash of acid hits you!!
The acid corrodes you!
There are monsters nearby!
There are monsters nearby!
You reach to attack!
You closely miss the acid dragon.
There are monsters nearby!
You hit the acid dragon but do no damage.
You headbutt the acid dragon, but do no damage.
The acid dragon bites you. The acid dragon claws you.
The phantom closely misses you.
There are monsters nearby!
You hit the acid dragon but do no damage.
The adder bites you.
The howler monkey hoots and howls with incredible vigour!
The acid dragon spits acid at you. The splash of acid hits you!!
* * * LOW HITPOINT WARNING * * *
The phantom hits you.
You die...

#...888...
#.#..8..# ...
#.#.....# ...( ..
#.###.#####l###
#.#
#.......#..⌠..#...
##..###.#.s...#.#
##.#....⌠h⌠.⌠..#
#.#...#SDW..#
#.....#.@⌠!.#
####..###.###...
##### #..........#
....# #.##########
.##.# #.#
..#.########.#
#)).......##.#
##..#####>##.#
.##..####.##.#


You could see an acid dragon (catching breath), a phantom, a scorpion, a howler
monkey (catching breath), an iguana and an adder.

Vanquished Creatures
  A water moccasin (D:5)
  An ogre (D:4)
  A scorpion (D:5)
  A howler monkey (D:4)
  A hound (D:5)
  Terence (D:3)
  An iguana (D:4)
  8 adders
  A white imp (D:5)
  A worm (D:2)
  2 dart slugs
  10 orcs
  6 bats
  2 endoplasms
  5 giant cockroaches
  8 goblins
  7 hobgoblins
  8 jackals
  5 kobolds
  3 quokkas
  6 ball pythons
  8 frilled lizards
  9 rats
96 creatures vanquished.

Notes
Turn   | Place    | Note
-------+----------+-------------------------------------------
     0 | D:1      | lokiplouj the Minotaur Berserker began the quest for the
                  | Orb.
     0 | D:1      | Reached XP level 1. HP: 19/19 MP: 0/0
    87 | D:1      | Reached XP level 2. HP: 27/27 MP: 1/1
   263 | D:1      | Reached ** piety under Trog
   666 | D:1      | Reached XP level 3. HP: 33/33 MP: 2/2
   873 | D:2      | Identified the +3 short sword of the Gloaming {vorpal,
                  | +Blink Str+2}
  1084 | D:2      | Identified the +2 leather armour of Card Tricks {rElec
                  | Dex+5}
  1096 | D:2      | Reached XP level 4. HP: 40/40 MP: 3/3
  1149 | D:2      | Found Apixkyw's Antique Armour Emporium.
  1169 | D:2      | Found a shimmering blue altar of Sif Muna.
  1403 | D:3      | Identified the +5 spear of Boalamp {vorpal, *Slow Int+6
                  | Dex+5}
  1445 | D:3      | Found a stormy altar of Qazlal.
  1474 | D:3      | Found Tuwkucho's Jewellery Boutique.
  1506 | D:3      | Noticed Terence
  1516 | D:3      | Killed Terence
  1666 | D:3      | Reached XP level 5. HP: 44/47 MP: 4/4
  1846 | D:3      | Reached *** piety under Trog
  1974 | D:4      | Found an ancient bone altar of Kikubaaqudgha.
  2049 | D:4      | Noticed an ogre
  2057 | D:4      | Killed an ogre
  2058 | D:4      | Reached skill level 5 in Fighting
  2058 | D:4      | Reached skill level 5 in Axes
  2063 | D:4      | Reached XP level 6. HP: 36/56 MP: 5/5
  2175 | D:4      | Found an opulent altar of Gozag.
  2448 | D:4      | Found a sacrificial altar of Ru.
  2692 | D:5      | Entered Level 5 of the Dungeon
  2897 | D:5      | Found a glowing golden altar of the Shining One.
  2897 | D:5      | Found a white marble altar of Elyvilon.
  2897 | D:5      | Found a glowing silver altar of Zin.
  3075 | D:5      | Noticed a water moccasin
  3081 | D:5      | Killed a water moccasin
  3082 | D:5      | Reached skill level 5 in Armour
  3082 | D:5      | Reached XP level 7. HP: 52/62 MP: 6/6
  3155 | D:5      | HP: 2/62 [acid dragon/splash of acid (29)]
  3155 | D:5      | Slain by a phantom

Illustrated notes

Levels and vault maps discovered:
D:1:      shiori_arrival_oz, layout_rooms
D:2:      layout_rooms, basic_altar, serial_shops, nicolae_square_shop,
          minmay_misc_feat_four_crosses
D:3:      minmay_octagon_keep, layout_rooms, grunt_qazlal_clouds, serial_shops,
          nicolae_shop_trees, grunt_ministairs_8, uniq_terence
D:4:      layout_cave_pods, pf_just_have_faith,
          mainiacjoe_overflow_catch_the_wave
D:5:      layout_loops_ring, regret_index_temple_of_mockery,
          dreamdust_divine_triumvirate, grunt_ministairs_7,
          minmay_chambers_of_fives

Skill      XL: |  1  2  3  4  5  6 |
---------------+-------------------+-----
Fighting       | 4 5 |  5.7
Axes           | 4 5 |  5.7
Armour         | 3 4 5 |  5.0
Dodging        | 3 4 |  4.6

Action                   |  1- 3 |  4- 6 |  7- 9 || total
-------------------------+-------+-------+-------++-------
Melee: Hand axe          |    86 |    10 |       ||    96
       Headbutt          |    14 |     5 |     1 ||    20
       Punch             |     1 |     1 |       ||     2
       Spear             |       |    87 |     3 ||    90
Invok: Berserk           |       |     1 |       ||     1
 Stab: Sleeping          |       |     2 |       ||     2
Armor: Animal skin       |    16 |     7 |       ||    23
Dodge: Dodged            |    55 |    51 |     1 ||   107

Table legend: (Time is in decaauts)
 A = Elapsed time spent in this place.
 B = Non-inter-level travel time spent in this place.
 C = Inter-level travel time spent in this place.
 D = Time resting spent in this place.
 E = Time spent auto-exploring this place.
 F = Levels seen in this place.
 G = Mean time per level.
                   A        B        C        D        E       F      G
               +--------+--------+--------+--------+--------+-----+--------+
         Total |   3166 |   3085 |     81 |    286 |   2336 |   5 |  633.2 |
       Dungeon |   3166 |   3085 |     81 |    286 |   2336 |   5 |  633.2 |
               +--------+--------+--------+--------+--------+-----+--------+

Top non-repeatable levels by time:
     D:1: 792 daAuts
     D:4: 735 daAuts
     D:3: 633 daAuts
     D:2: 543 daAuts
     D:5: 461 daAuts
